 Dungeon Crawl Stone Soup version 0.24.0-123-gd5b16e6ec5 (webtiles) character file.

Game seed: 15344322181217514588, levelgen mode: deterministic

4375 FishyPogo the Magician (level 10, -1/77 HPs)
             Began as a Gnoll Skald on Jan 5, 2020.
             Was an Elder of Okawaru.
             Slain by a killer bee (4 damage)
             ... on level 8 of the Dungeon.
             The game lasted 00:29:07 (7756 turns).

FishyPogo the Magician (Gnoll Skald)                Turns: 7756, Time: 00:29:07

Health: -1/77      AC:  5    Str: 16    XL:     10   Next: 34%
Magic:  9/20       EV: 16    Int: 17    God:    Okawaru [****..]
Gold:   556        SH:  0    Dex: 14    Spells: 9/23 levels left

rFire    . . .     SeeInvis +   a - +2 falchion (flame)
rCold    + . .     Gourm    .   (no shield)
rNeg     . . .     Faith    .   y - +0 leather armour
rPois    .         Spirit   .   s - +0 hat
rElec    .         Reflect  .   (no cloak)
rCorr    .         Harm     .   B - +0 pair of gloves
MR       .....                  (no boots)
Stlth    +++.......             (no amulet)
HPRegen  1.22/turn              r - ring of see invisible
MPRegen  0.17/turn              w - ring of protection from cold

@: lethally poisoned (-1 -> -2), shrouded, singing, regenerating
A: distributed training, fangs 1, strong nose
a: Heroism, Renounce Religion


You were on level 8 of the Dungeon.
You worshipped Okawaru.
Okawaru was greatly pleased with you.
You were hungry.

You visited 2 branches of the dungeon, and saw 10 of its levels.

You collected 556 gold pieces.

Inventory:

Hand Weapons
 a - a +2 falchion of flaming (weapon)
 b - a +1 dagger of freezing
 J - a +0 short sword of holy wrath
Missiles
 g - 343 stones
 j - 45 poisoned darts (quivered)
 p - 6 curare-tipped darts
 x - 5 boomerangs
Armour
 s - a +0 hat (worn)
 y - a +0 leather armour (worn)
 B - a +0 pair of gloves (worn)
Magical Staves
 C - an uncursed staff of summoning
Jewellery
 l - an uncursed ring of wizardry
 r - a ring of see invisible (left hand)
 w - a ring of protection from cold (right hand)
Wands
 E - a wand of acid (10)
 G - a wand of iceblast (9)
 I - a wand of flame (26)
 L - a wand of polymorph (6)
Scrolls
 c - 4 scrolls of magic mapping
 i - 8 scrolls of teleportation
 k - 14 scrolls of identify {unknown}
 m - 2 scrolls of enchant armour {unknown}
 q - 3 scrolls of fog {unknown}
 t - a scroll of fear {unknown}
 u - 2 scrolls of blinking {unknown}
 z - 2 scrolls of remove curse
 A - a scroll of amnesia {unknown}
 D - a scroll of noise {unknown}
 K - a scroll of immolation {unknown}
Potions
 e - a potion of degeneration {unknown}
 f - 4 potions of brilliance {unknown}
 h - 3 potions of agility {unknown}
 n - a potion of might {unknown}
 o - 2 potions of heal wounds {unknown}
 v - 3 potions of curing
 H - 2 potions of haste {unknown}
Comestibles
 d - 30 rations
 F - 8 chunks of flesh


   Skills:
 + Level 6.9 Fighting
 + Level 6.9 Short Blades
 + Level 5.1 Long Blades
 + Level 5.1 Axes
 + Level 5.1 Maces & Flails
 + Level 5.1 Polearms
 + Level 5.1 Staves
 + Level 5.1 Slings
 + Level 5.1 Bows
 + Level 5.1 Crossbows
 + Level 5.1 Throwing
 + Level 5.8 Armour
 + Level 6.9 Dodging
 + Level 5.1 Stealth
 + Level 5.1 Shields
 + Level 5.1 Unarmed Combat
 + Level 7.2 Spellcasting
 + Level 4.2 Conjurations
 + Level 4.2 Hexes
 + Level 7.0 Charms
 + Level 4.2 Summonings
 + Level 4.2 Necromancy
 + Level 4.2 Translocations
 + Level 4.2 Transmutations
 + Level 4.2 Fire Magic
 + Level 4.2 Ice Magic
 + Level 4.2 Air Magic
 + Level 4.2 Earth Magic
 + Level 4.2 Poison Magic
 + Level 5.6 Invocations
 + Level 5.1 Evocations


You had 9 spell levels left.
You knew the following spells:

 Your Spells              Type           Power        Failure   Level  Hunger
a - Stone Arrow           Conj/Erth      ###...       7%          3    ##.....
h - Regeneration          Chrm/Necr      ####......   4%          3    ##.....
n - Spectral Weapon       Hex/Chrm       ####....     4%          3    ##.....
p - Shroud of Golubria    Chrm/Tloc      ####..       1%          2    None
u - Song of Slaying       Chrm           ####....     1%          2    None
y - Infusion              Chrm           ####         1%          1    None

Your spell library contained the following spells:

 Spells                   Type           Power        Failure   Level  Hunger
 Sandblast                Erth           ###...       2%          1    None
 Passwall                 Tmut/Erth      ###.....     3%          2    None
 Petrify                  Tmut/Erth      ###.....     24%         4    ####...
 Lee's Rapid Deconstruct  Erth           ###.......   54%         5    #####..


Dungeon Overview and Level Annotations

Branches:
Dungeon (9/15)             Temple (1/1) D:6
   Lair: D:8-11         Orc: D:9-12

Altars:
Ashenzari
Dithmenos
Gozag
Hepliaklqana
Kikubaaqudgha
Okawaru
Ru
Sif Muna
Vehumet
Xom
The Shining One
Jiyva

Annotations:
D:4 3 runed translucent doors, Sondor's ghost, amateur DsGl
D:7 3 runed translucent doors, Curus's ghost, amateur MfGl
D:8 4 runed translucent doors, kuniqs's ghost, novice DEWz


Innate Abilities, Weirdness & Mutations

Your experience applies equally to all skills.
You have very sharp teeth.
Your uncanny sense of smell can sniff out nearby items.


Message History

You feel sick. The killer bee misses you. x2
You barely miss the killer bee.
The killer bee is severely wounded.
You feel sick. The killer bee closely misses you.
The killer bee stings you but does no damage.
You hit the killer bee but do no damage.
Your bite misses the killer bee.
The killer bee is severely wounded.
You feel sick. The killer bee stings you.
* * * LOW HITPOINT WARNING * * *
You are more poisoned.
The killer bee poisons you!
Your shroud falls apart!
The killer bee stings you.
* * * LOW HITPOINT WARNING * * *
Casting: Regeneration (safe; 4% risk of failure)
Confirm with . or Enter, or press ? or * to list all spells.
Space distorts slightly along a thin shroud covering your body.
You feel sick. The killer bee stings you.
You die...

.###......##W..##.#....#.#.......
........#.#JJ...###...####[......
...#......+JJ...$#......##.......
.##..#....+J...%_#.###...........
.....##.#.+.....[#..##...........
..........#.....##..#...>.....###
#...#.....##...##...............#
##..#......#####...............##
##.............@.....##....####
#............y.##....##......#
#....##...###........##......#
###..#....##....#.##..##....##
##............#.#...#....###
##.........<..............#.#
##................).....##...##
#.................)##..###....#
##...##............##..###....#


You could see a killer bee.

Vanquished Creatures
  Pikel (D:8)
  Prince Ribbit (D:8)
  A hippogriff (D:8)
  A steam dragon (D:8)
  2 orc warriors
  2 black bears
  4 slaves (D:8)
  3 ice beasts
  A sky beast (D:9)
  3 ogres
  A centaur (D:7)
  3 phantoms
  4 bullfrogs
  2 scorpions
  8 killer bees (D:9)
  3 howler monkeys
  2 crimson imps
  2 quasits
  3 jellies
  3 hounds
  5 orc wizards
  A bullfrog skeleton (D:5)
  6 orc priests
  2 centaur skeletons
  An iguana (D:4)
  12 worker ants
  A howler monkey zombie (D:9)
  A worker ant zombie (D:7)
  A howler monkey skeleton (D:7)
  8 adders
  2 shadow imps
  3 oozes
  2 adder zombies (D:6)
  An adder skeleton (D:5)
  A dart slug (D:2)
  6 leopard geckos
  25 orcs
  2 ball pythons
  3 giant cockroaches
  14 goblins
  7 hobgoblins
  13 jackals
  3 quokkas
  7 bats
  9 frilled lizards
  A giant cockroach zombie (D:6)
  15 kobolds
  A leopard gecko zombie (D:5)
  11 rats
214 creatures vanquished.

Vanquished Creatures (others)
  7 spectral weapons
7 creatures vanquished.

Grand Total: 221 creatures vanquished

Notes
Turn   | Place    | Note
-------+----------+-------------------------------------------
     0 | D:1      | FishyPogo the Gnoll Skald began the quest for the Orb.
     0 | D:1      | Reached XP level 1. HP: 20/20 MP: 6/6
   281 | D:1      | Reached XP level 2. HP: 26/26 MP: 4/7
   286 | D:1      | Learned a level 2 spell: Song of Slaying
   289 | D:1      | Learned a level 2 spell: Shroud of Golubria
   440 | D:1      | Reached XP level 3. HP: 29/31 MP: 7/9
   445 | D:1      | Learned a level 3 spell: Regeneration
   449 | D:1      | Learned a level 3 spell: Spectral Weapon
   469 | D:1      | Reached skill level 5 in Spellcasting
   769 | D:2      | Reached skill level 1 in Invocations
   844 | D:2      | Reached skill level 1 in Long Blades
   844 | D:2      | Reached skill level 1 in Axes
   844 | D:2      | Reached skill level 1 in Maces & Flails
   844 | D:2      | Reached skill level 1 in Polearms
   844 | D:2      | Reached skill level 1 in Staves
   844 | D:2      | Reached skill level 1 in Slings
   844 | D:2      | Reached skill level 1 in Bows
   844 | D:2      | Reached skill level 1 in Crossbows
   844 | D:2      | Reached skill level 1 in Throwing
   844 | D:2      | Reached skill level 1 in Stealth
   844 | D:2      | Reached skill level 1 in Shields
   844 | D:2      | Reached skill level 1 in Unarmed Combat
   844 | D:2      | Reached skill level 1 in Evocations
   917 | D:2      | Reached XP level 4. HP: 38/38 MP: 9/11
  1628 | D:3      | Reached skill level 1 in Conjurations
  1628 | D:3      | Reached skill level 1 in Hexes
  1628 | D:3      | Reached skill level 1 in Summonings
  1628 | D:3      | Reached skill level 1 in Necromancy
  1628 | D:3      | Reached skill level 1 in Translocations
  1628 | D:3      | Reached skill level 1 in Transmutations
  1628 | D:3      | Reached skill level 1 in Fire Magic
  1628 | D:3      | Reached skill level 1 in Ice Magic
  1628 | D:3      | Reached skill level 1 in Air Magic
  1628 | D:3      | Reached skill level 1 in Earth Magic
  1628 | D:3      | Reached skill level 1 in Poison Magic
  1843 | D:3      | Reached XP level 5. HP: 43/43 MP: 7/12
  1857 | D:3      | You fall into a shaft and drop 2 floors!
  1857 | D:5      | Entered Level 5 of the Dungeon
  1983 | D:4      | Reached XP level 6. HP: 34/50 MP: 1/13
  2126 | D:4      | Found a runed translucent gate.
  2134 | D:4      | Noticed Sondor's ghost (amateur DsGl)
  2135 | D:4      | Found a runed translucent gate.
  2136 | D:4      | Found a runed translucent gate.
  2295 | D:3      | Learned a level 3 spell: Stone Arrow
  2561 | D:3      | Reached skill level 5 in Fighting
  2561 | D:3      | Reached skill level 5 in Short Blades
  2561 | D:3      | Reached skill level 5 in Dodging
  3035 | D:4      | Reached XP level 7. HP: 56/56 MP: 10/15
  4456 | D:6      | Found a staircase to the Ecumenical Temple.
  4464 | Temple   | Entered the Ecumenical Temple
  4471 | Temple   | Became a worshipper of Warmaster Okawaru
  4540 | D:6      | Reached XP level 8. HP: 37/63 MP: 0/16
  5040 | D:7      | Reached * piety under Okawaru
  5199 | D:7      | Found a runed translucent gate.
  5199 | D:7      | Found a runed translucent gate.
  5199 | D:7      | Noticed Curus's ghost (amateur MfGl)
  5200 | D:7      | Found a runed translucent gate.
  6017 | D:7      | Reached ** piety under Okawaru
  6017 | D:7      | Reached XP level 9. HP: 56/69 MP: 10/18
  6585 | D:8      | Noticed Pikel
  6820 | D:8      | Killed Pikel
  6820 | D:8      | Reached *** piety under Okawaru
  6820 | D:8      | Reached skill level 5 in Armour
  6861 | D:8      | Found a runed translucent gate.
  6863 | D:8      | Found a runed translucent gate.
  6864 | D:8      | Found a runed translucent gate.
  6866 | D:8      | Noticed kuniqs's ghost (novice DEWz)
  7038 | D:8      | Reached skill level 5 in Invocations
  7089 | D:8      | Found a runed translucent door.
  7089 | D:8      | Noticed a sixfirhy
  7096 | D:8      | Noticed Prince Ribbit
  7139 | D:8      | Killed Prince Ribbit
  7139 | D:8      | Reached XP level 10. HP: 29/77 MP: 2/20
  7309 | D:8      | Found a viscous altar of Jiyva.
  7390 | D:9      | Reached **** piety under Okawaru
  7544 | D:9      | Found a sacrificial altar of Ru.
  7584 | D:9      | Reached skill level 5 in Long Blades
  7584 | D:9      | Reached skill level 5 in Axes
  7584 | D:9      | Reached skill level 5 in Maces & Flails
  7584 | D:9      | Reached skill level 5 in Polearms
  7584 | D:9      | Reached skill level 5 in Staves
  7584 | D:9      | Reached skill level 5 in Slings
  7584 | D:9      | Reached skill level 5 in Bows
  7584 | D:9      | Reached skill level 5 in Crossbows
  7584 | D:9      | Reached skill level 5 in Throwing
  7584 | D:9      | Reached skill level 5 in Stealth
  7584 | D:9      | Reached skill level 5 in Shields
  7584 | D:9      | Reached skill level 5 in Unarmed Combat
  7584 | D:9      | Reached skill level 5 in Evocations
  7756 | D:8      | HP: 3/77 [poisoned by a killer bee]
  7756 | D:8      | Slain by a killer bee

Levels and vault maps discovered:
D:1:      dpeg_arrival_ternary, layout_basic
D:2:      layout_basic, serial_park_tiny_2
D:3:      layout_loops_ring, first_ration, minmay_ogre_servants
D:4:      layout_layer_cave, gammafunk_ghost_split, minmay_circle_x
D:5:      layout_loops_ring
D:6:      minmay_goblin_kobold_castle, layout_basic,
          minmay_temple_entry_purple_smoke, chequers_serial_rivers_small_3,
          grunt_ministairs_3
D:7:      layout_basic, gammafunk_ghost_split, zaba_anthole
D:8:      cheibrodos_shockbox, layout_cave_pools, gammafunk_ghost_ooze,
          uniq_pikel, uniq_prince_ribbit1
D:9:      layout_rooms, zin_purify, basic_altar
Temple:   compressed_dpeg_triangle_lava_temple

Skill      XL: |  1  2  3  4  5  6  7  8  9 10 |
---------------+-------------------------------+-----
Spellcasting   | 5 6 7 |  7.2
Invocations    | 1 2 3 4 5 |  5.6
Long Blades    | 1 2 3 4 5 |  5.1
Axes           | 1 2 3 4 5 |  5.1
Maces & Flails | 1 2 3 4 5 |  5.1
Polearms       | 1 2 3 4 5 |  5.1
Staves         | 1 2 3 4 5 |  5.1
Slings         | 1 2 3 4 5 |  5.1
Bows           | 1 2 3 4 5 |  5.1
Crossbows      | 1 2 3 4 5 |  5.1
Throwing       | 1 2 3 4 5 |  5.1
Stealth        | 1 2 3 4 5 |  5.1
Shields        | 1 2 3 4 5 |  5.1
Unarmed Combat | 1 2 3 4 5 |  5.1
Evocations     | 1 2 3 4 5 |  5.1
Conjurations   | 1 2 3 4 |  4.2
Hexes          | 1 2 3 4 |  4.2
Summonings     | 1 2 3 4 |  4.2
Necromancy     | 1 2 3 4 |  4.2
Translocations | 1 2 3 4 |  4.2
Transmutations | 1 2 3 4 |  4.2
Fire Magic     | 1 2 3 4 |  4.2
Ice Magic      | 1 2 3 4 |  4.2
Air Magic      | 1 2 3 4 |  4.2
Earth Magic    | 1 2 3 4 |  4.2
Poison Magic   | 1 2 3 4 |  4.2
Armour         | 3 4 5 |  5.8
Fighting       | 5 6 |  6.9
Short Blades   | 5 6 |  6.9
Dodging        | 5 6 |  6.9
Charms         | 6 7 |  7.0

Action                   |  1- 3 |  4- 6 |  7- 9 | 10-12 || total
-------------------------+-------+-------+-------+-------++-------
Melee: Short sword       |   122 |   108 |       |       ||   230
       Bite              |    10 |    32 |    75 |     8 ||   125
       Dagger            |       |   143 |   308 |       ||   451
       Falchion          |       |    50 |   154 |    91 ||   295
       Punch             |       |       |    13 |     4 ||    17
Throw: Stone             |       |       |    15 |       ||    15
       Dart              |       |       |    12 |     3 ||    15
 Cast: Infusion          |     2 |     1 |     3 |       ||     6
       Shroud of Golubri |    10 |    15 |    34 |    11 ||    70
       Regeneration      |     3 |     7 |    23 |     7 ||    40
       Song of Slaying   |     2 |     4 |     6 |     2 ||    14
       Spectral Weapon   |       |       |    33 |     4 ||    37
       Stone Arrow       |       |       |     2 |    10 ||    12
Invok: Heroism           |       |       |     1 |       ||     1
  Use: Scroll            |       |       |     5 |       ||     5
       Potion            |       |       |     1 |       ||     1
 Stab: Sleeping          |       |     1 |     4 |     1 ||     6
       Distracted        |       |       |     7 |       ||     7
  Eat: Chunk             |     1 |     8 |    18 |     2 ||    29
Armor: Leather armour    |    24 |    52 |    74 |    17 ||   167
Dodge: Dodged            |   100 |   186 |   340 |   106 ||   732
       Rpst.: Falchion   |       |     9 |    34 |    32 ||    75
